 Dungeon Crawl Stone Soup version 0.28-a0-194-g42b4daccc1 (webtiles) character file.

Game seed: 3789310807504087911

840 siradein the Basher (level 8, 0/78 HPs)
             Began as an Ogre Berserker on Aug 19, 2021.
             Was a Priest of Trog.
             Slain by Robin (8 damage)
             ... on level 4 of the Dungeon.
             The game lasted 00:07:38 (4813 turns).

siradein the Basher (Ogre Berserker)                Turns: 4813, Time: 00:07:39

Health: 0/78       AC:  3    Str: 24    XL:     8   Next: 0%
Magic:  8/8        EV: 10    Int:  8    God:    Trog [***...]
Gold:   180        SH:  0    Dex:  8    Spells: 7/7 levels left

rFire   . . .      SeeInvis .   u - +1 dire flail
rCold   . . .      Faith    +   (shield currently unavailable)
rNeg    . . .      Spirit   .   b - +0 animal skin
rPois   .          Reflect  .   (helmet restricted)
rElec   .          Harm     .   (no cloak)
rCorr   .          Rampage  .   (gloves unavailable)
Will    .....                   (boots unavailable)
Stlth   +.........              o - amulet of faith
HPRegen 0.23/turn               (no ring)
MPRegen 0.11/turn               (no ring)

@: no status effects
A: large, unfitting armour, tough skin 1
a: Renounce Religion, Berserk, Trog's Hand


You were on level 4 of the Dungeon.
You worshipped Trog.
Trog was most pleased with you.
You visited 1 branch of the dungeon, and saw 4 of its levels.

You collected 180 gold pieces.

Inventory:

Hand Weapons
 s - a +0 flail of holy wrath
 t - a +0 flail of protection
 u - a +1 dire flail (weapon)
Armour
 b - a +0 animal skin (worn)
Jewellery
 o - an amulet of faith (around neck)
Wands
 j - a wand of iceblast (10)
 p - a wand of acid (8)
Scrolls
 a - a scroll of fear {unknown}
 c - 2 scrolls of silence {unknown}
 d - 3 scrolls of identify {unknown}
 e - a scroll of acquirement {unknown}
 f - a scroll of enchant armour {unknown}
 k - a scroll of magic mapping {unknown}
 l - a scroll of blinking {unknown}
 n - a scroll of enchant weapon {unknown}
Potions
 g - a potion of haste {unknown}
 h - 3 potions of curing {unknown}
 i - a potion of resistance {unknown}
 m - a potion of ambrosia {unknown}
 q - a potion of attraction {unknown}
 r - 2 potions of lignification {unknown}


   Skills:
 - Level 4.0 Fighting
 + Level 8.5 Maces & Flails
 - Level 2.6 Dodging


You had 7 spell levels left.
You didn't know any spells.
Your spell library was empty.

Dungeon Overview and Level Annotations

Branches:
Dungeon (4/15)
 Temple: D:4-7

Altars:
Dithmenos
Makhleb
Yredelemnul

Annotations:
D:4 Robin


Innate Abilities, Weirdness & Mutations

You are too large for most types of armour.
You have tough skin. (AC +1)


Message History

The goblin is moderately wounded.
The goblin hits you with a +0 club.
* * * LOW HITPOINT WARNING * * *
The goblin hits you but does no damage. The goblin misses you.
The goblin hits the fungus with a +0 dagger.
You sock the goblin!
You kill the goblin!
Trog accepts your kill.
A nearby fungus withers and dies.
The goblin barely misses you. The goblin hits you with a +0 dagger.
* * * LOW HITPOINT WARNING * * *
You impale the goblin!!
You kill the goblin!
Trog accepts your kill. The goblin hits you with a +0 club.
* * * LOW HITPOINT WARNING * * *
You bludgeon the goblin!!
You kill the goblin!
Trog accepts your kill.
Your skin stops crawling.
You feel less strong-willed.
Robin of the Strong Arm comes into view.
They are wielding a +1 vorpal mace.
The goblin barely misses you.
You have reached level 8!
You sock the goblin!
You kill the goblin!
Trog accepts your kill.
Robin roars a battlecry!
A goblin comes into view. It is wielding a +0 dagger.
Robin roars a battlecry!
You hear a shout!
You see here a +0 club.
Robin throws the goblin at you!
* * * LOW HITPOINT WARNING * * *
A hobgoblin comes into view.
You hit Robin.
Robin is lightly wounded.
The goblin hits you with a +0 dagger.
* * * LOW HITPOINT WARNING * * *
Robin hits you with a +1 vorpal mace!
You die... .PP..PP

#. #..PP..... #.
#..P.....## ..
#.P.?.....########.
#.P..PP._........#.
##.P..PP..........##
#..PP..PP.........##
#.ggP...P.........#.
#@P))).......(..#.
#.g).†.........<..
#######.........#.
...........#.
###.........##
#.........##
########### # #


You could see Robin, a hobgoblin (strong) and a goblin (strong).

Vanquished Creatures
  3 necrophages (D:4)
  An ice beast (D:4)
  A scorpion (D:4)
  2 wights (D:4)
  A human zombie (D:4)
  An orc priest (D:2)
  A bullfrog skeleton (D:4)
  Jessica (D:2)
  Ijyb (D:4)
  An orc wizard (D:3)
  A hound zombie (D:4)
  2 mummies (D:4)
  A howler monkey zombie (D:4)
  5 adders
  2 adder zombies (D:4)
  14 orcs
  3 endoplasms
  2 giant cockroaches (D:1)
  13 goblins
  5 hobgoblins
  3 jackals (D:4)
  5 kobolds
  4 quokkas
  5 ball pythons
  5 bats
  5 frilled lizards
  4 rats
92 creatures vanquished.

Vanquished Creatures (others)
  9 fungi (D:4)
9 creatures vanquished.

Grand Total: 101 creatures vanquished

Notes
Turn   | Place    | Note
-------+----------+-------------------------------------------
     0 | D:1      | siradein the Ogre Berserker began the quest for the Orb.
     0 | D:1      | Reached XP level 1. HP: 24/24 MP: 1/1
    91 | D:1      | Reached skill level 3 in Maces & Flails
   278 | D:1      | Reached XP level 2. HP: 32/32 MP: 2/2
   395 | D:1      | Found a faded altar of an unknown god.
   762 | D:2      | Noticed Jessica
   787 | D:2      | Killed Jessica
   788 | D:2      | Reached skill level 4 in Maces & Flails
   788 | D:2      | Reached XP level 3. HP: 27/39 MP: 3/3
   901 | D:2      | Reached XP level 4. HP: 42/48 MP: 4/4
  1200 | D:2      | Reached ** piety under Trog
  1629 | D:3      | Reached skill level 5 in Maces & Flails
  1629 | D:3      | Reached XP level 5. HP: 54/54 MP: 5/5
  1729 | D:3      | Found a shadowy altar of Dithmenos.
  2780 | D:4      | Noticed Ijyb
  3055 | D:4      | Killed Ijyb
  3087 | D:4      | Reached XP level 6. HP: 36/62 MP: 6/6
  3445 | D:4      | Noticed an ice beast
  3455 | D:4      | Killed an ice beast
  3456 | D:4      | Reached skill level 6 in Maces & Flails
  4039 | D:4      | Noticed a necrophage
  4051 | D:4      | Killed a necrophage
  4052 | D:4      | Reached skill level 7 in Maces & Flails
  4052 | D:4      | Reached XP level 7. HP: 48/69 MP: 7/7
  4552 | D:4      | Found a basalt altar of Yredelemnul.
  4566 | D:4      | Reached skill level 8 in Maces & Flails
  4769 | D:4      | Found a burning altar of Makhleb.
  4808 | D:4      | Noticed Robin
  4809 | D:4      | Reached XP level 8. HP: 12/78 MP: 8/8
  4809 | D:4      | Reached *** piety under Trog
  4813 | D:4      | Slain by Robin

Illustrated notes

Levels and vault maps discovered:
D:1:      mrwooster_arrival_statue_2, layout_rooms,
          shapermc_ecumenical_altar_petra, amcnicky_mini_rare_corridor_liquid,
          minmay_tromino_i4
D:2:      layout_basic, serial_bayou_pond_d, uniq_jessica
D:3:      layout_loops_ring, nicolae_dithmenos_through_a_glass_darkly,
          minivault_27, minmay_misc_feat_cross, corexii_corridor_pit,
          wander_ebering_terrifying_dragon_lair
D:4:      layout_rooms, lemuel_mausoleum_altar_yredelemnul,
          mainiacjoe_overflow_catch_the_wave, uniq_robin, uniq_ijyb

Skill      XL: |  1  2  3  4  5  6  7 |
---------------+----------------------+-----
Maces & Flails | 3 4 5 7 8 |  8.5
Fighting       | |  4.0
Dodging        | |  2.6

Action                   |  1- 3 |  4- 6 |  7- 9 || total
-------------------------+-------+-------+-------++-------
Melee: Mace              |    24 |       |       ||    24
       Whip              |    31 |    92 |       ||   123
       Flail             |       |   103 |       ||   103
       Dire flail        |       |    12 |   101 ||   113
Invok: Trog's Hand       |       |     5 |     2 ||     7
       Berserk           |       |     3 |       ||     3
Armor: Animal skin       |    14 |    60 |    19 ||    93
Dodge: Dodged            |    28 |   100 |    50 ||   178

Table legend: (Time is in decaauts)
 A = Elapsed time spent in this place.
 B = Non-inter-level travel time spent in this place.
 C = Inter-level travel time spent in this place.
 D = Time resting spent in this place.
 E = Time spent auto-exploring this place.
 F = Levels seen in this place.
 G = Mean time per level.
                   A        B        C        D        E       F      G
               +--------+--------+--------+--------+--------+-----+--------+
         Total |   4832 |   4787 |     45 |    677 |   3438 |   4 | 1208.0 |
       Dungeon |   4832 |   4787 |     45 |    677 |   3438 |   4 | 1208.0 |
               +--------+--------+--------+--------+--------+-----+--------+

Top non-repeatable levels by time:
     D:4: 1977 daAuts
     D:3: 1270 daAuts
     D:2: 832 daAuts
     D:1: 751 daAuts
